 Dungeon Crawl Stone Soup version 0.32-a0-599-gba8f9cf90e (webtiles) character file.

Game seed: 6933950998492852827

1444 CougarLife the Geomancer (level 8, -3/41 HPs)
             Began as a Gargoyle Earth Elementalist on Mar 3, 2024.
             Slain by an iguana (10 damage)
             ... on level 6 of the Dungeon.
             The game lasted 00:08:11 (5853 turns).

CougarLife the Geomancer (GrEE)                     Turns: 5853, Time: 00:08:12

Health: -3/41      AC:  7    Str: 12    XL:     8   Next: 74%
Magic:  10/16      EV: 12    Int: 18    God:
Gold:   200        SH:  0    Dex: 16    Spells: 14/18 levels left

rFire   . . .        i - +0 dagger
rCold   . . .        (no shield)
rNeg    + . .        a - +0 robe
rPois   ∞            (no helmet)
rElec   +            (no cloak)
rCorr   .            (no gloves)
SInv    +            (no boots)
Will    .....        (no amulet)
Stlth   ++           e - ring of see invisible
HPRegen 0.26/turn    t - +6 ring of dexterity
MPRegen 0.15/turn

%: no passive effects
@: no status effects
A: sickness immunity, AC +5, negative energy resistance 1, electricity
resistance, torment resistance 1, petrification resistance
a: no special abilities


You were on level 6 of the Dungeon.
You visited 1 branch of the dungeon, and saw 6 of its levels.

You collected 200 gold pieces.

Inventory:

Hand Weapons
 i - a +0 dagger (weapon)
Armour
 a - a +0 robe (worn)
Jewellery
 e - a ring of see invisible (left hand)
 t - a +6 ring of dexterity (right hand)
 w - a +6 ring of intelligence
Scrolls
 c - a scroll of fear {unknown}
 d - a scroll of amnesia {unknown}
 f - 5 scrolls of identify {unknown}
 h - 3 scrolls of enchant armour {unknown}
 k - 2 scrolls of vulnerability {unknown}
 l - a scroll of poison {unknown}
 m - 2 scrolls of silence {unknown}
 p - 2 scrolls of fog {unknown}
 q - a scroll of teleportation {unknown}
 s - a scroll of blinking {unknown}
 v - a scroll of enchant weapon {unknown}
Potions
 b - a potion of invisibility {unknown}
 g - 5 potions of curing {unknown}
 j - 4 potions of heal wounds {unknown}
 n - 2 potions of brilliance {unknown}
 o - a potion of enlightenment {unknown}
 r - a potion of cancellation {unknown}
 u - a potion of haste {unknown}


   Skills:
 - Level 1.5 Dodging
 - Level 2.1 Stealth
 + Level 5.9 Spellcasting
 + Level 6.6 Conjurations
 + Level 8.1 Earth Magic


You had 14 spell levels left.
You knew the following spells:

 Your Spells              Type           Power      Damage    Failure   Level
a - Sandblast             Erth           68%        2d15      1%          1
b - Stone Arrow           Conj/Erth      62%        3d10      1%          3

Your spell library contained the following spells:

 Spells                   Type           Power      Damage    Failure   Level
 Passwall                 Erth           34%        N/A       1%          3
 Brom's Barrelling Bould  Conj/Erth      31%        2d5       6%          4
 Hailstorm                Conj/Ice       17%        3d6       10%         3
 Necrotise                Necr           20%        1d5       12%         1
 Call Imp                 Summ           10%        N/A       19%         2
 Petrify                  Alch/Erth      19%        N/A       22%         4
 Summon Ice Beast         Ice/Summ       5%         N/A       36%         3
 Vampiric Draining        Necr           5%         2d6       36%         3
 Martyr's Knell           Necr/Summ      5%         N/A       77%         4
 Curse of Agony           Necr           5%         N/A       98%         5
 Summon Forest            Summ/Tloc      2%         N/A       98%         5
 Summon Mana Viper        Hex/Summ       5%         N/A       98%         5
 Sculpt Simulacrum        Ice/Alch       2%         N/A       100%        6
 Summon Cactus Giant      Summ           2%         N/A       100%        6
 Summon Hydra             Summ           2%         N/A       100%        7
 Sublimation of Blood     Necr           Unusable   N/A       N/A         2

Dungeon Overview and Level Annotations

Branches:
Dungeon (6/15)
 Temple: D:4-7

Altars:
Cheibriados
Elyvilon
Makhleb
Ru
Wu Jian
The Shining One

Shops:
D:1 :   D:2 ([=   D:4 :


Innate Abilities, Weirdness & Mutations

You are immune to sickness and miasma.
Your stone body is resilient. (AC +5)
You are immune to poison.
You resist negative energy. (rN+)
You are resistant to electric shocks. (rElec)
You are resistant to unholy torment.
You are immune to petrification.


Message History

You can't see any susceptible monsters within range! (Use Z to cast anyway.)
You can't see any susceptible monsters within range! (Use Z to cast anyway.)
You can't see any susceptible monsters within range! (Use Z to cast anyway.)
You can't see any susceptible monsters within range! (Use Z to cast anyway.)
You can't see any susceptible monsters within range! (Use Z to cast anyway.)
A sleepcap comes into view.
The blast of sand hits the orc priest!
You kill the orc priest!
You hit the black bear.
The black bear is lightly wounded.
The black bear barely misses you.
The black bear claws you but does no damage. x2
The blast of sand hits the black bear!!
The black bear is almost dead.
The iguana closely misses you.
The black bear bites you but does no damage.
The black bear completely misses you.
The black bear claws you but does no damage.
The orc hits you with a +0 hand axe.
You hit the black bear but do no damage.
The black bear is almost dead.
The iguana closely misses you. The black bear closely misses you.
The black bear claws you but does no damage. x2
The orc hits you with a +0 hand axe.
The blast of sand hits the black bear!
You kill the black bear!
The iguana bites you! The orc barely misses you.
The sleepcap releases spores at you!
* * * LOW HITPOINT WARNING * * *
The iguana closely misses you.
Your Earth Magic skill increases to level 8!
Casting: Sandblast (safe; 1% risk of failure)
Confirm with . or Enter, or press ? or * to list all spells.
Aiming: Stone Arrow (safe; 1% risk of failure)
Press: ? - help, Shift-Dir - straight line, f - scorpion
Aim: a scorpion (74% to hit)
The stone arrow hits the scorpion!
The scorpion is almost dead.
The iguana bites you!
You die...

#............######
#..........### .
####..........#####
#
....................
..............######
. ....######.####
...#######...#
.....)l....###
.....os@####
......f## ....)..
.....## ..... ###. ?
..


You could see a sleepcap, a scorpion, an iguana and an orc.

Vanquished Creatures
  A shadow (D:5)
  A black bear (D:6)
  An ice beast (D:5)
  A phantom (D:4)
  2 scorpions (D:5)
  A howler monkey (D:5)
  3 hounds
  7 orc priests
  A gnoll bouda (D:4)
  2 sleepcaps
  2 iguanas
  8 orc wizards
  7 gnolls (D:4)
  5 adders
  A white imp (D:3)
  5 dart slugs
  4 ribbon worms
  24 orcs
  8 bats
  5 endoplasms
  3 giant cockroaches
  12 hobgoblins
  6 kobolds
  3 quokkas
  4 ball pythons
  2 frilled lizards
  6 goblins
  4 rats
129 creatures vanquished.

Notes
Turn   | Place    | Note
-------+----------+-------------------------------------------
     0 | D:1      | CougarLife the Gargoyle Earth Elementalist began the quest
                  | for the Orb.
     0 | D:1      | Reached XP level 1. HP: 10/10 MP: 3/3
   185 | D:1      | Reached XP level 2. HP: 15/15 MP: 3/5
   253 | D:1      | Found Jeepice's Vocational Training.
   482 | D:1      | Reached skill level 4 in Earth Magic
   944 | D:2      | Found a sacrificial altar of Ru.
   966 | D:2      | Reached XP level 3. HP: 19/19 MP: 4/6
  1152 | D:2      | Found a faded altar of an unknown god.
  1229 | D:2      | Found Liden's Jewellery Shop.
  1286 | D:2      | Reached XP level 4. HP: 24/24 MP: 6/8
  1676 | D:2      | Found Demu Axe's Antique Armour Emporium.
  1701 | D:2      | Found Boodeovo's Antique Weapon Boutique.
  2235 | D:2      | Learned a level 3 spell: Stone Arrow
  2238 | D:3      | Reached XP level 5. HP: 28/28 MP: 5/9
  2278 | D:3      | Reached skill level 5 in Earth Magic
  2417 | D:3      | Found a white marble altar of Elyvilon.
  2716 | D:3      | Reached XP level 6. HP: 32/32 MP: 6/11
  3652 | D:4      | Reached skill level 6 in Earth Magic
  3746 | D:4      | Reached XP level 7. HP: 36/36 MP: 8/13
  4172 | D:4      | Found Kuajotox's Book Shoppe.
  4462 | D:4      | Found a glowing golden altar of the Shining One.
  4669 | D:5      | Entered Level 5 of the Dungeon
  4680 | D:5      | Found a burning altar of Makhleb.
  4680 | D:5      | Found a snail-covered altar of Cheibriados.
  4697 | D:5      | Reached skill level 5 in Conjurations
  4975 | D:5      | Reached skill level 5 in Spellcasting
  4975 | D:5      | Reached skill level 7 in Earth Magic
  4975 | D:5      | Reached XP level 8. HP: 37/41 MP: 7/15
  5215 | D:5      | Found an ornate altar of the Wu Jian Council.
  5234 | D:5      | Noticed a shadow
  5241 | D:5      | Killed a shadow
  5853 | D:6      | Reached skill level 8 in Earth Magic
  5853 | D:6      | Slain by an iguana

Illustrated notes

Levels and vault maps discovered:
D:1:      minmay_arrival_up_and_down, layout_loops_ring, nicolae_shop_vocational
D:2:      layout_basic, serial_shops, shop, shop, shop, basic_altar,
          ebering_ecumenical_altar_rust
D:3:      layout_loops_ring, lemuel_crystal_altar,
          hangedman_abyss_or_decor_stabs
D:4:      layout_rooms, lemuel_doored_altar, serial_shops,
          nicolae_shop_statue_plus, dreamdust_gnoll_farm
D:5:      layout_loops_cross, mainiacjoe_overflow_divided_tiny,
          mainiacjoe_overflow_cross_hatched
D:6:      layout_basic, minmay_temple_entry_steel_oval, chequers_jeans,
          kennysheep_path_1, kennysheep_diamond, minmay_manual_mess,
          uniq_crazy_yiuf_cottage, uniq_pikel

Skill      XL: |  1  2  3  4  5  6  7  8 |
---------------+-------------------------+-----
Earth Magic    | 4 5 6 7 8 |  8.1
Conjurations   | 2 3 4 5 6 |  6.6
Spellcasting   | 3 4 5 |  5.9
Dodging        | |  1.5
Stealth        | |  2.1

Action                     |  1- 3 |  4- 6 |  7- 9 || total
---------------------------+-------+-------+-------++-------
  Melee: Unarmed           |     3 |       |       ||     3
         Dagger            |     2 |     6 |    25 ||    33
   Cast: Sandblast         |    41 |    72 |    82 ||   195
         Stone Arrow       |       |    16 |    20 ||    36
    Use: Potion            |       |       |     1 ||     1
 Armour: Robe              |    10 |    35 |    56 ||   101
  Dodge: Dodged            |    11 |    33 |    43 ||    87

Table legend: (Time is in decaauts)
 A = Elapsed time spent in this place.
 B = Non-inter-level travel time spent in this place.
 C = Inter-level travel time spent in this place.
 D = Time resting spent in this place.
 E = Time spent auto-exploring this place.
 F = Levels seen in this place.
 G = Mean time per level.
                   A        B        C        D        E       F      G
               +--------+--------+--------+--------+--------+-----+--------+
         Total |   5957 |   5765 |    192 |   1541 |   3325 |   6 |  992.8 |
       Dungeon |   5957 |   5765 |    192 |   1541 |   3325 |   6 |  992.8 |
               +--------+--------+--------+--------+--------+-----+--------+

Top non-repeatable levels by time:
     D:2: 1499 daAuts
     D:3: 1420 daAuts
     D:5: 1161 daAuts
     D:1: 953 daAuts
     D:4: 869 daAuts
     D:6: 53 daAuts
